 Dungeon Crawl Stone Soup version 0.22-a0-51-g1bb26a1 (webtiles) character file.

637 kibaces the Digger (level 7, -4/55 HPs)
             Began as a Deep Dwarf Earth Elementalist on Jan 9, 2018.
             Slain by Duvessa
             ... wielding a +0 short sword
              (5 damage)
             ... on level 5 of the Dungeon.
             The game lasted 00:22:18 (5426 turns).

kibaces the Digger (Deep Dwarf Earth Elementalist)  Turns: 5426, Time: 00:22:19

Health: -4/55      AC:  3    Str: 12    XL:     7   Next: 25%
Magic:  1/12       EV: 14    Int: 22    God:
Gold:   236        SH:  0    Dex: 13    Spells: 4/12 levels left

rFire    . . .     SeeInvis .   y - +4 dagger (venom)
rCold    . . .     Gourm    .   (no shield)
rNeg     . . .     Faith    .   c - +0 robe
rPois    .         Spirit   .   (no helmet)
rElec    .         Reflect  .   (no cloak)
rCorr    .         Harm     .   q - +0 pair of gloves
MR       ++...                  (no boots)
Stlth    ++........             (no amulet)
HPRegen  0.00/turn              (no ring)
MPRegen  0.13/turn              p - ring of protection from magic

@: brilliant, non-regenerating
A: damage resistance, heal wounds, sense surroundings 1, no regeneration
a: Heal Wounds


You were on level 5 of the Dungeon.
You were hungry.

You visited 1 branch of the dungeon, and saw 5 of its levels.

You collected 269 gold pieces.
You spent 33 gold pieces at shops.

Inventory:

Hand Weapons
 y - a +4 dagger of venom (weapon)
Missiles
 b - 163 stones (quivered)
Armour
 c - a +0 robe (worn)
 q - a +0 pair of gloves (worn)
 z - a +0 robe
Jewellery
 p - a ring of protection from magic (right hand)
Wands
 v - a wand of paralysis (14)
Scrolls
 a - 3 scrolls of enchant weapon
 g - 2 scrolls of teleportation
 j - a scroll of remove curse
 n - a scroll of identify
 o - a scroll of fog
 u - a scroll of amnesia {unknown}
Potions
 f - 2 potions of heal wounds
 h - a potion of flight {unknown}
 i - a potion of agility
 l - 2 potions of curing
 s - a potion of magic
 w - a potion of cancellation
 x - a potion of invisibility
Books
 e - a book of Geomancy

   Spells                             Type                      Level
   a - Sandblast                      Earth                        1
   b - Passwall                       Transmutation/Earth          2
   c - Stone Arrow                    Conjuration/Earth            3
   d - Petrify                        Transmutation/Earth          4
   e - Lee's Rapid Deconstruction     Earth                        5
 m - a book of Cantrips

   Spells                             Type                      Level
   a - Confusing Touch                Hexes                        1
   b - Animate Skeleton               Necromancy                   1
   c - Summon Small Mammal            Summoning                    1
   d - Apportation                    Translocation                1
 r - a book of Misfortune

   Spells                             Type                      Level
   a - Confusing Touch                Hexes                        1
   b - Confuse                        Hexes                        3
   c - Gell's Gravitas                Translocation                3
   d - Petrify                        Transmutation/Earth          4
   e - Metabolic Englaciation         Hexes/Ice                    5
   f - Yara's Violent Unravelling     Hexes/Transmutation          5
Comestibles
 d - 8 rations
 k - 2 chunks of flesh


   Skills:
 + Level 4.4 Dodging
 - Level 2.5 Stealth
 + Level 3.4 Spellcasting
 * Level 2.9 Conjurations
 + Level 2.2 Transmutations
 + Level 6.7 Earth Magic


You had 4 spell levels left.
You knew the following spells:

 Your Spells              Type           Power        Failure   Level  Hunger
a - Sandblast             Erth           #####.       1%          1    None
b - Stone Arrow           Conj/Erth      #####.       1%          3    ###....
c - Petrify               Tmut/Erth      #####...     2%          4    ####...


Dungeon Overview and Level Annotations

Branches:
Dungeon (5/15)
 Temple: D:4-7

Altars:
Fedhas
Hepliaklqana
Nemelex Xobeh
Vehumet
The Shining One

Shops:
D:5 ?

Annotations:
D:3 Grinder
D:5 Duvessa


Innate Abilities, Weirdness & Mutations

You are resistant to damage.
You can heal yourself by infusing magical energy.
You passively map a small area around you.
You do not regenerate.


Message History

Duvessa is moderately wounded.
Duvessa hits you with a short sword! Duvessa barely misses you.
Casting: Stone Arrow
Confirm with . or Enter, or press ? or * to list all spells.
Aiming: Stone Arrow
Press: ? - help, Shift-Dir - straight line, f/p - Duvessa
Aim: Duvessa, wielding a short sword and wearing a chain mail (moderately wounded, berserk, fast, unusually strong)
The stone arrow hits Duvessa.
Duvessa is moderately wounded.
Duvessa closely misses you.
Okay, then.
Okay, then.
As you read the scroll of fog, it crumbles to dust.
The scroll dissolves into smoke.
Duvessa hits you with a short sword!
* * * LOW HITPOINT WARNING * * *
Duvessa hits you with a short sword!
* * * LOW HITPOINT WARNING * * *
There is a stone staircase leading up here.
Duvessa completely misses you. Duvessa hits you with a short sword!
You die...

.........###.......#############.
.........÷.........# #.
........#.##.......# #.
.....)..#..#.......# #.
........##.#.......# #.
........##.#.......# ##### #.
........##.#.......# #...# #.
###+######...############.#.# #.
.........##..###@§........#.####.
....e....##..§§e#§..(.....#......
.........##..§§§#.§.....#.#..####
.........##..§§§#.......#.#..#
....o.o..)).>...#.......#....#
........o###....#######..=..##
.........# #.............####
.........# #.............#
.........# ####..........#


You could see Duvessa (berserk).

Vanquished Creatures
  Dowan (D:5)
  2 bullfrog skeletons (D:4)
  2 hounds (D:4)
  2 orc wizards
  2 orc priests
  An iguana (D:4)
  Ijyb (D:5)
  Terence (D:2)
  2 worker ants (D:4)
  A hound skeleton (D:3)
  6 gnolls
  6 adders
  An ooze (D:2)
  2 worms
  4 dart slugs
  3 leopard geckos
  10 orcs
  4 bats
  2 giant cockroaches
  8 goblins
  8 hobgoblins
  5 jackals (D:4)
  7 kobolds
  2 quokkas
  5 frilled lizards
  A jackal skeleton (D:4)
  8 rats
97 creatures vanquished.

Notes
Turn   | Place    | Note
-------+----------+-------------------------------------------
     0 | D:1      | kibaces the Deep Dwarf Earth Elementalist began the quest for the Orb.
     0 | D:1      | Reached XP level 1. HP: 15/15 MP: 3/3
   227 | D:1      | Reached XP level 2. HP: 22/22 MP: 2/4
   711 | D:1      | Reached skill level 5 in Earth Magic
   835 | D:1      | Reached XP level 3. HP: 28/28 MP: 1/6
  1015 | D:2      | Found a blossoming altar of Fedhas.
  1344 | D:2      | Reached XP level 4. HP: 33/36 MP: 1/7
  1964 | D:2      | Noticed Terence
  1982 | D:2      | Killed Terence
  2059 | D:2      | Reached XP level 5. HP: 33/42 MP: 6/9
  2064 | D:2      | Learned a level 3 spell: Stone Arrow
  2069 | D:2      | Learned a level 4 spell: Petrify
  2121 | D:3      | Found a sparkling altar of Nemelex Xobeh.
  2123 | D:3      | Found a radiant altar of Vehumet.
  2216 | D:3      | Noticed Grinder
  2669 | D:3      | Found a blossoming altar of Fedhas.
  3106 | D:3      | Found a glowing golden altar of the Shining One.
  3206 | D:3      | Reached skill level 1 in Transmutations
  3206 | D:3      | Reached skill level 6 in Earth Magic
  3293 | D:3      | Found a hazy altar of Hepliaklqana.
  3575 | D:4      | Reached skill level 1 in Conjurations
  3782 | D:4      | Reached XP level 6. HP: 49/49 MP: 1/10
  4274 | D:4      | Noticed a slave
  4276 | D:4      | Noticed a slave
  4824 | D:5      | Entered Level 5 of the Dungeon
  4834 | D:5      | Noticed Dowan
  5140 | D:5      | Noticed Ijyb
  5148 | D:5      | Killed Ijyb
  5148 | D:5      | Reached XP level 7. HP: 37/55 MP: 5/12
  5168 | D:5      | Found Luipp's Magic Scroll Shoppe.
  5171 | D:5      | Bought a scroll of teleportation for 33 gold pieces
  5306 | D:5      | Noticed Duvessa
  5316 | D:5      | Killed Dowan
  5424 | D:5      | HP: 1/55 [Duvessa/short sword (7)]
  5426 | D:5      | Slain by Duvessa

Vault maps used:
D:1:      dpeg_arrival_signposts
D:2:      fedhas_altar_3, uniq_terence
D:3:      lemuel_crystal_altar, grunt_temple_overflow_open,
          overflow_temple_1_default, lemuel_round_altar, first_ration,
          kennysheep_generic_room_4, uniq_grinder
D:4:      hangedman_minor_gate_pass, uniq_pikel
D:5:      serial_shops, shop, uniq_ijyb, uniq_duvessa

Skill      XL: |  1  2  3  4  5  6 |
---------------+-------------------+-----
Spellcasting   | 2 3 |  3.4
Earth Magic    | 5 6 |  6.7
Dodging        | 3 4 |  4.4
Transmutations | 1 2 |  2.2
Conjurations   | 1 2 |  2.9
Stealth        | |  2.5

Action                   |  1- 3 |  4- 6 |  7- 9 || total
-------------------------+-------+-------+-------++-------
Melee: Unarmed           |     3 |       |       ||     3
       Dagger            |       |     2 |       ||     2
 Cast: Sandblast         |    45 |   116 |     4 ||   165
       Stone Arrow       |       |       |     7 ||     7
 Abil: Heal Wounds       |       |     1 |       ||     1
  Use: Scroll            |     7 |     4 |     3 ||    14
       Potion            |       |       |     2 ||     2
  Eat: Chunk             |     2 |     8 |     1 ||    11
       Ration            |       |     1 |       ||     1
Armor: Robe              |       |    14 |       ||    14
Dodge: Dodged            |    11 |    35 |     4 ||    50

Table legend:
 A = Spawn XP
 B = Non-spawn XP
 C = Spawn XP percentage of total XP
 D = Spawn monster count
 E = Non-spawn monster count
 F = Spawn count percentage of total count
 G = Total turns spent on level
                    A         B        C        D         E        F      G
               +---------+---------+-------+---------+---------+-------+---------
         Total |       0 |     911 |   0.0 |       0 |      97 |   0.0 |  5426
               +---------+---------+-------+---------+---------+-------+---------
           D:1 |       0 |      44 |   0.0 |       0 |      24 |   0.0 |  1009
           D:2 |       0 |     158 |   0.0 |       0 |      25 |   0.0 |  1354
           D:3 |       0 |      48 |   0.0 |       0 |      11 |   0.0 |  1254
           D:4 |       0 |     424 |   0.0 |       0 |      28 |   0.0 |  1207
           D:5 |       0 |     237 |   0.0 |       0 |       9 |   0.0 |   602
               +---------+---------+-------+---------+---------+-------+---------
